Map: Orbital Shipyard

Players

Botvinnik

  • Race: Terran Terran
  • League: Master

Welmu - Winner!

  • Race: Protoss Protoss
  • League: Grandmaster

Event: DreamHack ZOWIE Open Leipzig

VOD

Have the link to the VOD?

Description

Time

  • Played on: Jan. 22, 2016, 8:54 a.m.
  • Length: 7:31

All games in this series

Show
View Real Time Build Order
Export as new Build Order

Botvinnik Terran 

Build Orders: Reaper Expand, MMM Bio 

Get SALT Encoding   

  12  0:00  SCV  
  13  0:12  SCV  
  14  0:17  Supply Depot  
  14  0:25  SCV  
  15  0:39  SCV  
  15  0:40  Barracks  
  15  0:42  Refinery  
  16  0:51  SCV  
  17  1:03  SCV  
  18  1:18  SCV  
  19  1:27  Reaper  
  19  1:30  Orbital Command  
  20  1:39  Command Center  
  20  1:49  Supply Depot  
  20  1:57  SCV  
  20  2:00  Barracks Reactor  
  21  2:09  SCV  
  21  2:14  Bunker  
  22  2:21  SCV, Factory  
  23  2:33  SCV  
  24  2:37  Marine x2  
  26  2:46  SCV  
  27  2:52  Orbital Command  
  27  2:55  Marine x2  
  27  2:58  SCV  
  30  3:05  Factory Tech Lab  
  30  3:09  Command Center  
  30  3:10  SCV  
  31  3:14  Marine x2  
  31  3:17  SCV  
  34  3:24  Cyclone  
  34  3:25  Refinery  
  36  3:32  SCV, Marine x2  
  36  3:33  SCV  
  40  3:38  Supply Depot  
  40  3:46  SCV x2  
  42  3:49  Marine x2  
  44  4:02  SCV x2  
  46  4:07  Marine x2  
  48  4:11  Barracks  
  48  4:13  Factory Reactor  
  48  4:14  SCV  
  48  4:15  SCV  
  50  4:17  Barracks  
  50  4:21  Orbital Command  
  50  4:26  Marine x2  
  50  4:27  SCV x2  
  54  4:39  SCV x2  
  54  4:43  Engineering Bay  
  56  4:46  Marine x2  
  56  4:47  Engineering Bay  
  56  4:49  SCV  
  56  4:51  SCV x2  
  61  4:53  Refinery  
  61  4:54  Widow Mine x2  
  61  4:55  Refinery  
  61  4:59  Supply Depot  
  65  5:00  Marine  
  65  5:02  SCV  
  65  5:03  SCV  
  65  5:04  Marine  
  69  5:08  Barracks Tech Lab  
  69  5:09  Stimpack  
  69  5:12  Supply Depot  
  69  5:13  Missile Turret  
  69  5:19  Missile Turret  
  69  5:21  SCV x3  
  72  5:27  Widow Mine x2  
  76  5:32  Supply Depot x2  
  76  5:33  SCV  
  76  5:34  SCV  
  78  5:36  Starport  
  78  5:39  Combat Shields  
  78  5:50  Supply Depot  
  78  5:51  Orbital Command  
  78  5:53  SCV x2, Supply Depot  
  80  6:03  Marine x2  
  80  6:04  Marauder x2  
  86  6:06  SCV x2  
  88  6:18  SCV  
  88  6:19  SCV x2  
  91  6:26  Barracks x2  
  91  6:28  Missile Turret, Medivac x2  
  91  6:29  Factory Reactor  
  91  6:31  SCV x3  
  98  6:43  SCV x2  
  98  6:44  Supply Depot  
  98  6:45  Supply Depot  
  87  6:48  Marauder  
  87  6:51  Marauder, Marine x2  
  82  7:01  SCV x2  
  82  7:02  SCV  
  68  7:09  Marauder, Marine  
  65  7:16  SCV  
Show
View Real Time Build Order
Export as new Build Order

Welmu Protoss - Winner!

Build Orders: 1 Gate Expand, Oracle Opening 

Get SALT Encoding   

  12  0:01  Probe (Chrono Boost)  
  13  0:11  Probe (Chrono Boost)  
  14  0:17  Pylon  
  14  0:22  Probe (Chrono Boost)  
  16  0:35  Probe (Chrono Boost)  
  16  0:36  Gateway  
  16  0:43  Assimilator  
  16  0:46  Probe (Chrono Boost)  
  17  0:56  Probe (Chrono Boost)  
  18  1:07  Probe (Chrono Boost)  
  19  1:18  Nexus  
  19  1:28  Cybernetics Core  
  19  1:30  Probe (Chrono Boost)  
  20  1:35  Assimilator  
  20  1:40  Probe (Chrono Boost)  
  20  1:46  Pylon  
  21  1:51  Probe (Chrono Boost)  
  22  2:01  Probe (Chrono Boost)  
  22  2:04  Adept (Chrono Boost)  
  22  2:05  Warp Gate  
  25  2:13  Probe  
  26  2:22  Stargate  
  26  2:25  Probe (Chrono Boost)  
  26  2:28  Adept  
  29  2:32  Probe (Chrono Boost)  
  29  2:36  Probe (Chrono Boost)  
  31  2:43  Probe (Chrono Boost)  
  32  2:47  Probe (Chrono Boost)  
  33  2:53  Probe (Chrono Boost)  
  33  2:55  Adept  
  33  2:57  Probe (Chrono Boost)  
  37  3:02  Probe (Chrono Boost)  
  37  3:05  Pylon, Oracle (Chrono Boost)  
  38  3:08  Probe  
  38  3:12  Probe  
  43  3:20  Probe  
  43  3:23  Probe  
  45  3:32  Probe  
  46  3:39  Nexus  
  46  3:40  Pylon, Oracle (Chrono Boost)  
  49  3:42  Probe  
  49  3:44  Probe  
  51  3:49  Pylon  
  51  3:52  Probe  
  52  3:56  Probe  
  52  3:59  Twilight Council  
  53  4:03  Probe  
  53  4:08  Probe  
  53  4:09  Forge  
  55  4:13  Probe, Robotics Facility  
  56  4:17  Assimilator  
  56  4:20  Probe  
  57  4:24  Probe  
  57  4:30  Pylon  
  58  4:33  Probe, Resonating Glaives  
  58  4:35  Probe  
  60  4:45  Probe  
  61  4:46  Protoss Ground Weapons Level 1 (Chrono Boost)  
  61  4:47  Probe  
  62  4:54  Gateway x2  
  62  4:55  Probe  
  62  4:56  Gateway  
  62  4:57  Probe  
  62  4:59  Probe  
  65  5:01  Warp Prism  
  65  5:05  Probe  
  62  5:09  Sentry  
  62  5:11  Gateway  
  62  5:13  Gateway  
  65  5:17  Probe  
  65  5:18  Probe x2  
  68  5:26  Gateway  
  68  5:27  Gateway  
  68  5:33  Gateway x2  
  68  5:37  Gateway  
  68  5:40  Observer  
  68  5:41  Adept  
  71  5:49  Pylon  
  71  5:51  Pylon  
  71  5:54  Probe  
  71  5:55  Probe  
  73  6:01  Observer  
  73  6:03  Adept x4  
  82  6:24  Adept x7, Pylon  
  82  6:25  Pylon  
  96  6:26  Pylon  
  96  6:30  Adept x2  
  100  6:33  Pylon  
  100  6:34  Adept  
  100  6:36  Pylon  
  99  6:50  Adept x3  
  99  6:51  Adept x5  
  107  7:06  Adept x2  
  105  7:11  Adept x5  
  105  7:15  Adept x2  
  111  7:20  Adept  
  111  7:26  Assimilator x2  
  111  7:28  Adept x2, Assimilator  

Tags
 
Add a new tag
Caveats
  • Supply blocks, unpowered buildings, or Contaminate may cause inaccurate times.
  • Supply counts are checked every 10 seconds.